 Dungeon Crawl Stone Soup version 0.29.0-4-gdea44cf6ec (webtiles) character file.

Game seed: 13040949421002489918

49 qw the Chopper (level 3, -1/21 HPs)
             Began as a Tengu Warper on Aug 29, 2022.
             Slain by an adder (4 damage)
             ... on level 2 of the Dungeon.
             The game lasted 00:00:32 (2400 turns).

qw the Chopper (Tengu Warper)                       Turns: 2400, Time: 00:00:33

Health: -1/21      AC:  3    Str: 13    XL:     3   Next: 75%
Magic:  7/7        EV: 12    Int: 13    God:
Gold:   103        SH:  0    Dex: 13    Spells: 6/6 levels left

rFire   . . .      SeeInvis .   Y - +0 hand axe
rCold   . . .      Faith    .   (no shield)
rNeg    . . .      Spirit   .   b - +0 leather armour
rPois   .          Reflect  .   (helmet restricted)
rElec   .          Harm     .   (no cloak)
rCorr   .          Rampage  .   (no gloves)
Will    .....                   (boots unavailable)
Stlth   +.........              (no amulet)
HPRegen 0.07/turn               (no ring)
MPRegen 0.10/turn               (no ring)

@: lethally poisoned (-1 -> -6)
A: beak, talons 3
a: no special abilities


You were on level 2 of the Dungeon.
You visited 1 branch of the dungeon, and saw 2 of its levels.

You collected 103 gold pieces.


Innate Abilities, Weirdness & Mutations

You have a beak for a mouth.
You have claws for feet.


   Skills:
 - Level 2.0 Fighting
 + Level 4.4 Axes
 - Level 1.0 Throwing
 - Level 1.1 Armour
 - Level 2.1 Dodging
 - Level 2.0 Spellcasting
 - Level 2.4 Translocations


You had 6 spell levels left.
You didn't know any spells.
Your spell library contained the following spells:

 Spells                   Type           Power      Damage    Failure   Level
 Blink                    Tloc           14%        N/A       19%         2
 Gell's Gravitas          Tloc           7%         N/A       36%         3
 Lesser Beckoning         Tloc           7%         N/A       36%         3
 Teleport Other           Tloc           7%         N/A       36%         3
 Manifold Assault         Tloc           7%         N/A       98%         5

Inventory:

Hand Weapons
 l - a +0 whip
 Y - a +0 hand axe (weapon)
Armour
 a - a +0 chain mail
 b - a +0 leather armour (worn)
Jewellery
 k - a ring of protection from cold
Scrolls
 c - a scroll of teleportation {unknown}
 f - a scroll of identify {unknown}
 j - a scroll of magic mapping {unknown}
Potions
 d - a potion of might {unknown}
 e - a potion of mutation {unknown}
 g - a potion of curing {unknown}
 i - a potion of lignification {unknown}

Dungeon Overview and Level Annotations

Branches:
Dungeon (2/15)

Altars:


Message History

You see here a kobold corpse.
2373 ||| DROPPING +0 club.
You drop a +0 club.
A rat comes into view.
2376 ||| Stepping ~*~*~tactically~*~*~ (stealth).
2378 ||| Stepping ~*~*~tactically~*~*~ (stealth).
You slash the rat!
You kill the rat!
An adder comes into view.
Found a stone staircase leading up.
Enter note:
Enter note: The adder hisses angrily.
You barely miss the adder. Your kick misses the adder. The adder misses you.
You closely miss the adder. Your kick misses the adder.
Your peck misses the adder. The adder bites you but does no damage.
The adder bites you.
You are poisoned.
The adder poisons you!
You hit the adder but do no damage. Your peck misses the adder.
You feel sick. The adder bites you but does no damage.
You hit the adder. Your kick misses the adder.
The adder is moderately wounded.
You feel sick. The adder closely misses you.
You hit the adder but do no damage. You claw the adder.
The adder is heavily wounded.
You feel sick. The adder bites you but does no damage. The adder bites you.
You are lethally poisoned!
The adder poisons you!
You miss the adder. Your kick misses the adder. Your peck misses the adder.
The adder is heavily wounded.
You feel sick. The adder bites you.
You closely miss the adder.
The adder is heavily wounded.
You feel sick. The adder bites you but does no damage.
The adder closely misses you.
You hit the adder but do no damage. Your kick misses the adder.
The adder is heavily wounded.
You feel sick. The adder bites you.
You die...

#..<# . ##...### ..
......# #.# ...
#...#.# #.# ....
....#.###.#
.....##.......#.#
#..S.....#.#.#
.######@###.#.#.#
................#####
.###.##.###...%.....#
.. #.# #.#.#.###.# #
... #.# #.#)#.#
#.#### ##
#.###.#%#.###.##..
.................#
#.#####.#..##.####
### #.#..##.#


You could see an adder.

Vanquished Creatures
  2 worms (D:2)
  A dart slug (D:2)
  3 endoplasms
  2 giant cockroaches
  4 goblins (D:1)
  2 hobgoblins
  4 jackals (D:1)
  4 ball pythons
  2 bats (D:1)
  5 frilled lizards
  5 kobolds
  4 rats
38 creatures vanquished.

Notes
Turn   | Place    | Note
-------+----------+-------------------------------------------
     0 | D:1      | qw the Tengu Warper began the quest for the Orb.
     0 | D:1      | Reached XP level 1. HP: 12/12 MP: 4/4
     0 | D:1      | 0 ||| qw: Version: 0.1-a-89-g26bdef1
     0 | D:1      | 0 ||| qw: Game counter: 3433
     0 | D:1      | 0 ||| qw: Always use a shield: true
     0 | D:1      | 0 ||| qw: God list: Okawaru
     0 | D:1      | 0 ||| qw: Allow faded altars: false
     0 | D:1      | 0 ||| qw: Do Orc after D:15 true
     0 | D:1      | 0 ||| qw: Do second Lair branch before Depths: true
     0 | D:1      | 0 ||| qw: Lair rune preference: random
     0 | D:1      | 0 ||| qw: Plans: Normal
     0 | D:1      | 0 ||| PLANNING D:1-11
    15 | D:1      | 15 ||| Stepping ~*~*~tactically~*~*~ (stealth).
    17 | D:1      | 17 ||| Stepping ~*~*~tactically~*~*~ (stealth).
    18 | D:1      | 18 ||| Stepping ~*~*~tactically~*~*~ (stealth).
    23 | D:1      | 23 ||| Stepping ~*~*~tactically~*~*~ (stealth).
   124 | D:1      | Reached XP level 2. HP: 17/17 MP: 6/6
   147 | D:1      | Reached skill level 3 in Axes
   511 | D:1      | 511 ||| Stepping ~*~*~tactically~*~*~ (stealth).
   512 | D:1      | 512 ||| Stepping ~*~*~tactically~*~*~ (stealth).
   515 | D:1      | 515 ||| Stepping ~*~*~tactically~*~*~ (stealth).
   624 | D:1      | 624 ||| Stepping ~*~*~tactically~*~*~ (stealth).
   644 | D:1      | 644 ||| Stepping ~*~*~tactically~*~*~ (stealth).
   648 | D:1      | 648 ||| Stepping ~*~*~tactically~*~*~ (stealth).
   650 | D:1      | 650 ||| Stepping ~*~*~tactically~*~*~ (stealth).
   651 | D:1      | 651 ||| Stepping ~*~*~tactically~*~*~ (stealth).
   652 | D:1      | 652 ||| Stepping ~*~*~tactically~*~*~ (stealth).
   653 | D:1      | 653 ||| Stepping ~*~*~tactically~*~*~ (stealth).
   668 | D:1      | Reached XP level 3. HP: 17/21 MP: 7/7
   668 | D:1      | 668 ||| Stepping ~*~*~tactically~*~*~ (stealth).
   670 | D:1      | 670 ||| Stepping ~*~*~tactically~*~*~ (stealth).
   671 | D:1      | 671 ||| Stepping ~*~*~tactically~*~*~ (stealth).
   673 | D:1      | 673 ||| Stepping ~*~*~tactically~*~*~ (stealth).
  1015 | D:1      | 1015 ||| READING scroll labelled HEOGIE WAUJ.
  1016 | D:1      | 1016 ||| DROPPING scroll of blinking.
  1017 | D:1      | 1017 ||| Stepping randomly (stuck).
  1018 | D:1      | 1018 ||| Stepping ~*~*~tactically~*~*~ (cloud).
  1024 | D:1      | HP: 5/21 [poisoned by you (poison gas)]
  1304 | D:2      | HP: 4/21 [frozen (5)]
  1307 | D:2      | Reached skill level 4 in Axes
  1710 | D:2      | Found a faded altar of an unknown god.
  1770 | D:2      | 1770 ||| Stepping ~*~*~tactically~*~*~ (hiding).
  1824 | D:2      | 1824 ||| Stepping ~*~*~tactically~*~*~ (stealth).
  1837 | D:2      | 1837 ||| Stepping ~*~*~tactically~*~*~ (hiding).
  1939 | D:2      | 1939 ||| Stepping ~*~*~tactically~*~*~ (hiding).
  2041 | D:2      | 2041 ||| Stepping ~*~*~tactically~*~*~ (hiding).
  2143 | D:2      | 2143 ||| Stepping ~*~*~tactically~*~*~ (hiding).
  2245 | D:2      | 2245 ||| Stepping ~*~*~tactically~*~*~ (hiding).
  2359 | D:2      | 2359 ||| Stepping ~*~*~tactically~*~*~ (stealth).
  2360 | D:2      | 2360 ||| Stepping ~*~*~tactically~*~*~ (stealth).
  2362 | D:2      | 2362 ||| Stepping ~*~*~tactically~*~*~ (stealth).
  2373 | D:2      | 2373 ||| DROPPING +0 club.
  2376 | D:2      | 2376 ||| Stepping ~*~*~tactically~*~*~ (stealth).
  2378 | D:2      | 2378 ||| Stepping ~*~*~tactically~*~*~ (stealth).
  2399 | D:2      | HP: 5/21 [poisoned by an adder]
  2400 | D:2      | Slain by an adder

Levels and vault maps discovered:
D:1:      minmay_arrival_glassed_features, layout_loops_cross, minivault_26,
          minmay_misc_feat_x
D:2:      layout_basic, shapermc_ecumenical_altar_notcrosses,
          minmay_joined_circles

Skill      XL: |  1  2  3 |
---------------+----------+-----
Axes           | 3 4 |  4.4
Fighting       | |  2.0
Throwing       | |  1.0
Armour         | |  1.1
Dodging        | |  2.1
Spellcasting   | |  2.0
Translocations | |  2.4

Action                   || total
-------------------------++-------
Melee: Hand axe          ||    74
       Kick              ||    23
       Peck              ||     5
       Punch             ||     1
Throw: Boomerang         ||     7
  Use: Scroll            ||     1
 Stab: Distracted        ||     1
       Sleeping          ||     1
Armor: Leather armour    ||     8
Dodge: Dodged            ||    26

Table legend:
 A = Non-vault XP
 B = Vault XP
 C = Vault XP percentage of total XP
 D = Non-vault monster count
 E = Vault monster count
 F = Vault count percentage of total count
                 A         B        C        D         E       F
            +---------+---------+-------+---------+---------+-------
      Total |      70 |       0 |   0.0 |      38 |       0 |   0.0
            +---------+---------+-------+---------+---------+-------
        D:1 |      42 |       0 |   0.0 |      26 |       0 |   0.0
        D:2 |      28 |       0 |   0.0 |      12 |       0 |   0.0
            +---------+---------+-------+---------+---------+-------
